 Dungeon Crawl Stone Soup version 0.29.0-11-gd7f09526c8 (webtiles) character file.

Game seed: 2836564483103946132

104 SensoryNuts the Trooper (level 4, -2/31 HPs)
             Began as an Octopode Fighter on Sept 2, 2022.
             Slain by a goblin
             ... wielding a +0 club
             ... led by Robin
              (4 damage)
             ... on level 2 of the Dungeon.
             The game lasted 00:01:21 (1455 turns).

SensoryNuts the Trooper (Octopode Fighter)          Turns: 1455, Time: 00:01:22

Health: -2/31      AC:  1    Str: 17    XL:     4   Next: 80%
Magic:  4/4        EV: 13    Int: 10    God:
Gold:   75         SH:  4    Dex: 11    Spells: 3/3 levels left

rFire   . . .      SeeInvis .   a - +0 trident
rCold   . . .      Faith    .   b - +0 buckler
rNeg    . . .      Spirit   .   (helmet restricted)
rPois   .          Reflect  .   (no amulet)
rElec   .          Harm     .   (no ring)
rCorr   .          Rampage  .   (no ring)
Will    .....                   (no ring)
Stlth   +++.......              (no ring)
HPRegen 0.10/turn               (no ring)
MPRegen 0.09/turn               (no ring)
                                (no ring)
                                (no ring)

@: no status effects
A: almost no armour, amphibious, 8 rings, camouflage 1, gelatinous body 1,
(nimble swimmer 1), tentacles
a: no special abilities


You were on level 2 of the Dungeon.
You visited 1 branch of the dungeon, and saw 2 of its levels.

You collected 75 gold pieces.

Inventory:

Hand Weapons
 a - a +0 trident (weapon)
Armour
 b - a +0 buckler (worn)
Scrolls
 d - 2 scrolls of magic mapping
 f - a scroll of amnesia {unknown}
 i - a scroll of identify
 l - a scroll of vulnerability {unknown}
 n - a scroll of fear {unknown}
Potions
 e - a potion of flight
 g - a potion of curing
 j - a potion of berserk rage {unknown}
 k - a potion of mutation {unknown}
 m - a potion of haste {unknown}


   Skills:
 + Level 3.5 Fighting
 + Level 3.2 Polearms
 + Level 3.4 Dodging
 + Level 2.2 Stealth
 + Level 3.3 Shields


You had 3 spell levels left.
You didn't know any spells.
Your spell library contained the following spells:

 Spells                   Type           Power      Damage    Failure   Level
 Magic Dart               Conj           0%         1d3       45%         1
 Searing Ray              Conj           0%         2d4       58%         2
 Fulminant Prism          Conj/Hex       0%         3d6       99%         4


Dungeon Overview and Level Annotations

Branches:
Dungeon (2/15)

Altars:

Annotations:
D:2 1 runed translucent door, Crazy Yiuf


Innate Abilities, Weirdness & Mutations

You cannot wear most types of armour.
You are amphibious.
You can wear up to eight rings at the same time.
Your skin changes colour to match your surroundings (Stealth+).
Your rubbery body absorbs attacks. (AC +1, EV +1)
((You are camouflaged when in or above water. (Stealth+)))
You have tentacles for arms and can constrict up to eight enemies at once.


Message History

Okay, then.
The goblin attacks as you move away! The goblin hits you with a +0 dagger.
The hobgoblin attacks as you move away! The hobgoblin barely misses you.
You see here the felid corpse of Natasha.
You completely miss the goblin. You grab the goblin. You constrict the goblin.
The goblin struggles to escape constriction.
The goblin hits you with a +0 club.
* * * LOW HITPOINT WARNING * * *
You hit the goblin.
You kill the goblin!
You hit the goblin.
You kill the goblin!
The goblin no longer looks unusually strong.
You closely miss the goblin. You grab the goblin. You squeeze the goblin.
You kill the goblin!
You puncture the hobgoblin!
You kill the hobgoblin!
Robin throws the goblin at you! The goblin barely misses you.
You swing at nothing.
The hobgoblin no longer looks unusually strong.
The goblin no longer looks unusually strong.
You block the goblin's attack. The hobgoblin closely misses you.
You puncture the goblin!
You kill the goblin!
The goblin hits you with a +0 club.
* * * LOW HITPOINT WARNING * * *
The hobgoblin closely misses you.
You hit Robin. You grab Robin. You squeeze Robin.
Robin is severely wounded.
You constrict Robin.
You kill Robin!
The hobgoblin barely misses you. The goblin barely misses you.
You swing at nothing.
The hobgoblin hits you.
* * * LOW HITPOINT WARNING * * *
The goblin hits you but does no damage.
You barely miss the goblin. You grab the goblin. You constrict the goblin.
The hobgoblin hits you.
* * * LOW HITPOINT WARNING * * *
The goblin hits you with a +0 club.
You die...

#...# ...# ...# ..'
###### ..#
########....###.####.##
.......'........)).gg..
########....###)#
#########....#g@g#
.............#.###
#########....#.#
#....#)..#.# .#
#.##........... ...
#.########[#### #.# #.#
... #.#
#.############.# ##.#
#.##...........####..#


You could see a hobgoblin and a goblin.

Vanquished Creatures
  Natasha (D:2)
  Robin (D:2)
  2 adders (D:2)
  A worm (D:2)
  A dart slug (D:1)
  3 bats (D:2)
  2 endoplasms
  A giant cockroach (D:2)
  2 hobgoblins
  8 kobolds
  2 quokkas
  4 ball pythons
  8 frilled lizards
  9 goblins
  4 rats (D:1)
49 creatures vanquished.

Vanquished Creatures (others)
  A fungus (D:2)
1 creature vanquished.

Grand Total: 50 creatures vanquished

Notes
Turn   | Place    | Note
-------+----------+-------------------------------------------
     0 | D:1      | SensoryNuts the Octopode Fighter began the quest for the
                  | Orb.
     0 | D:1      | Reached XP level 1. HP: 16/16 MP: 1/1
    34 | D:1      | Found a faded altar of an unknown god.
    94 | D:1      | Reached XP level 2. HP: 21/21 MP: 2/2
   657 | D:2      | Reached skill level 1 in Stealth
   657 | D:2      | Reached XP level 3. HP: 26/26 MP: 3/3
  1210 | D:2      | Found a runed translucent door.
  1211 | D:2      | Noticed Crazy Yiuf
  1316 | D:2      | Reached XP level 4. HP: 24/31 MP: 4/4
  1436 | D:2      | Noticed Robin
  1437 | D:2      | Noticed Natasha
  1442 | D:2      | Killed Natasha
  1453 | D:2      | Killed Robin
  1455 | D:2      | Slain by a goblin

Illustrated notes

Levels and vault maps discovered:
D:1:      lightli_iron_boxes, layout_basic,
          hellmonk_ecumenical_altar_crossroads, chequers_serial_rivers_small_a,
          minmay_misc_feat_tiny
D:2:      layout_basic, basic_altar, uniq_natasha, uniq_crazy_yiuf_cottage,
          uniq_robin

Skill      XL: |  1  2  3  4 |
---------------+-------------+-----
Stealth        | 1 2 |  2.2
Polearms       | 3 |  3.2
Fighting       | |  3.5
Dodging        | |  3.4
Shields        | |  3.3

Action                   |  1- 3 |  4- 6 || total
-------------------------+-------+-------++-------
Melee: Trident           |    81 |    15 ||    96
       Constrict         |    13 |     4 ||    17
       Tentacles         |     5 |     2 ||     7
  Use: Scroll            |     5 |       ||     5
       Potion            |       |     3 ||     3
 Stab: Sleeping          |     9 |       ||     9
Armor: Skin              |     3 |     3 ||     6
Dodge: Dodged            |    28 |    17 ||    45
Block: Buckler           |    11 |     3 ||    14
